 Dungeon Crawl Stone Soup version 0.30-a0-339-g89bb51ec76 (webtiles) character file.

Game seed: 5030612499288926557

90 Muataran the Chopper (level 4, -1/41 HPs)
             Began as a Hill Orc Monk on Oct 31, 2022.
             Was a Believer of Beogh.
             Slain by Terence
             ... wielding a +0 morningstar
              (5 damage)
             ... on level 3 of the Dungeon.
             The game lasted 00:04:46 (2402 turns).

Muataran the Chopper (Hill Orc Monk)                Turns: 2402, Time: 00:04:47

Health: -1/41      AC:  9    Str: 15    XL:     4   Next: 56%
Magic:  1/4        EV:  5    Int: 10    God:    Beogh [**....]
Gold:   85         SH:  7    Dex: 13    Spells: 3/3 levels left

rFire   . . .      SeeInvis .    a - +0 hand axe
rCold   . . .      Faith    .    t - +0 kite shield
rNeg    . . .      Spirit   .    k - +0 chain mail
rPois   .          Reflect  .    i - +0 helmet
rElec   .          Harm     .    (no cloak)
rCorr   .          Rampage  .    (no gloves)
Will    .....                    (no boots)
Stlth   ..........               (no amulet)
HPRegen 0.26/turn                (no ring)
MPRegen 0.09/turn                (no ring)

@: no status effects
A: no striking features
a: Renounce Religion, Smiting


You were on level 3 of the Dungeon.
You worshipped Beogh.
Beogh was pleased with you.
You visited 1 branch of the dungeon, and saw 3 of its levels.

You collected 85 gold pieces.

Inventory:

Hand Weapons
 a - a +0 hand axe (weapon)
Armour
 b - a +0 robe
 i - a +0 helmet (worn)
 k - a +0 chain mail (worn)
 t - a +0 kite shield (worn)
Scrolls
 e - 4 scrolls of identify {unknown}
 f - a scroll of teleportation {unknown}
 g - a scroll of poison {unknown}
 h - 4 scrolls of fog {unknown}
 l - a scroll of summoning {unknown}
 m - a scroll of amnesia {unknown}
 p - a scroll of fear {unknown}
Potions
 c - a potion of ambrosia
 d - 3 potions of curing {unknown}
 j - a potion of degeneration {unknown}
 n - 2 potions of haste {unknown}
 o - a potion of flight {unknown}
 q - a potion of attraction {unknown}
 r - a potion of heal wounds {unknown}
 s - 2 potions of might {unknown}


   Skills:
 + Level 4.4 Fighting
 * Level 5.8 Axes
 + Level 1.5 Armour
 - Level 2.4 Dodging
 - Level 1.5 Stealth
 * Level 0.0 Shields
 + Level 0.0 Invocations


You had 3 spell levels left.
You didn't know any spells.
Your spell library contained the following spells:

 Spells                   Type           Power      Damage    Failure   Level
 Magic Dart               Conj           0%         1d3       100%        1
 Sandblast                Erth           0%         2d4       100%        1
 Call Imp                 Summ           0%         N/A       100%        2
 Cigotuvi's Dreadful Rot  Necr/Pois/Air  0%         N/A       100%        2
 Ensorcelled Hibernation  Hex/Ice        0%         N/A       100%        2
 Passwall                 Tmut/Erth      0%         N/A       100%        2
 Poisonous Vapours        Pois/Air       0%         N/A       100%        2
 Mephitic Cloud           Conj/Pois/Air  0%         N/A       100%        3
 Stone Arrow              Conj/Erth      0%         3d7       100%        3
 Swiftness                Air            0%         N/A       100%        3


Dungeon Overview and Level Annotations

Branches:
Dungeon (3/15)

Altars:

Shops:
D:2 [

Annotations:
D:3 Terence


Message History

Anything else - Cancel.
Okay, then.
Unknown command.
The endoplasm attacks as you move away!
The endoplasm hits you but does no damage.
Something hits you! The endoplasm attacks as you move away!
You block the endoplasm's attack.
There is an open door here.
You hit the endoplasm.
The endoplasm is heavily wounded.
You block the endoplasm's attack.
You hit the endoplasm.
The endoplasm is severely wounded.
The endoplasm freezes you.
You are frozen.
You barely miss the endoplasm.
The endoplasm is severely wounded.
The endoplasm barely misses you. You block the endoplasm's attack.
You hit the endoplasm but do no damage.
The endoplasm is severely wounded.
The endoplasm freezes you.
You are frozen.
You hit the endoplasm.
You kill the endoplasm!
Beogh accepts your kill.
You closely miss something. Something hits you.
You hit something but do no damage. Something hits you but does no damage.
You hit something but do no damage. You block something's attack.
Something hits you!
You closely miss something. Something hits you.
Aiming: Smiting
Press: ? - help, Dir - move target You smite something!
Something hits you.
You hit something. Something hits you but does no damage.
You miss something. Something hits you but does no damage.
You hit something but do no damage. Something hits you.
You closely miss something. Something hits you!
* * * LOW HITPOINT WARNING * * *
Something hits you.
You die...

## #.#........ #.# .#
#.#........ #.# .# .#
#.#........ #.# .# .#
#.#........ #.# .# .#
#.#........ ###.####.# .#
#.#############........## .#
#............##.#.#.....#
.###...........^##.#.......#
................@{†......>.+
.###............##.#.#.....#
####............##.#.#.....#
................##+#.#.....#
#####................#.....#
#................#.....#
###########......#....$#
#......#.....#
####.#.#.....#


There were no monsters in sight!

Vanquished Creatures
  A hound (D:3)
  An adder (D:2)
  A worm (D:2)
  4 orcs (D:3)
  2 bats
  5 endoplasms
  3 goblins
  4 hobgoblins
  2 quokkas
  4 ball pythons
  6 kobolds
  7 rats
40 creatures vanquished.

Vanquished Creatures (others)
  An orc (D:3)
  2 plants (D:1)
3 creatures vanquished.

Grand Total: 43 creatures vanquished

Notes
Turn   | Place    | Note
-------+----------+-------------------------------------------
     0 | D:1      | Muataran the Hill Orc Monk began the quest for the Orb.
     0 | D:1      | Reached XP level 1. HP: 19/19 MP: 1/1
   525 | D:1      | Reached XP level 2. HP: 14/27 MP: 2/2
  1217 | D:3      | Found a faded altar of an unknown god.
  1290 | D:3      | Reached skill level 5 in Axes
  1290 | D:3      | Reached XP level 3. HP: 33/33 MP: 3/3
  1332 | D:3      | Reached skill level 1 in Armour
  1334 | D:3      | Reached XP level 4. HP: 25/41 MP: 4/4
  1595 | D:3      | Became a worshipper of Beogh the Brigand
  1595 | D:3      | Reached * piety under Beogh
  1595 | D:3      | Reached ** piety under Beogh
  1962 | D:2      | Found Jajuta's Antique Armour Shop.
  2377 | D:3      | Noticed Terence
  2402 | D:3      | Slain by Terence

Illustrated notes

Levels and vault maps discovered:
D:1:      wander_arrival_peaceful_grave, layout_basic, serial_bayou_lake_a
D:2:      layout_loops_ring, serial_shops, shop, feat_on_display
D:3:      layout_basic, shapermc_ecumenical_altar_ellora, minivault_24,
          uniq_robin, uniq_terence

Skill      XL: |  1  2  3 |
---------------+----------+-----
Fighting       | 4 |  4.4
Axes           | 5 |  5.8
Armour         | 1 |  1.5
Dodging        | |  2.4
Stealth        | |  1.5

Action                   |  1- 3 |  4- 6 || total
-------------------------+-------+-------++-------
Melee: Hand axe          |    82 |    80 ||   162
       Punch             |       |     1 ||     1
Invok: Smiting           |       |     1 ||     1
       Convert to Beogh  |       |     1 ||     1
Armor: Robe              |    10 |       ||    10
       Chain mail        |    23 |    41 ||    64
Dodge: Dodged            |    29 |    20 ||    49
Block: Kite shield       |       |     4 ||     4

Table legend: (Time is in decaauts)
 A = Elapsed time spent in this place.
 B = Non-inter-level travel time spent in this place.
 C = Inter-level travel time spent in this place.
 D = Time resting spent in this place.
 E = Time spent auto-exploring this place.
 F = Levels seen in this place.
 G = Mean time per level.
                   A        B        C        D        E       F      G
               +--------+--------+--------+--------+--------+-----+--------+
         Total |   2441 |   2339 |    102 |     98 |   1785 |   3 |  813.7 |
       Dungeon |   2441 |   2339 |    102 |     98 |   1785 |   3 |  813.7 |
               +--------+--------+--------+--------+--------+-----+--------+

Top non-repeatable levels by time:
     D:1: 1154 daAuts
     D:2: 779 daAuts
     D:3: 507 daAuts
